 Dungeon Crawl Stone Soup version 0.30-a0-341-g682706514a (webtiles) character file.

Game seed: 12076584523537883315

629 night the Cutter (level 7, 0/43 HPs)
             Began as a Kobold Reaver on Nov 2, 2022.
             Slain by a quokka (2 damage)
             ... on level 4 of the Dungeon on Nov 3, 2022.
             The game lasted 00:16:28 (3414 turns).

night the Cutter (Kobold Reaver)                    Turns: 3414, Time: 00:16:28

Health: 0/43       AC: -7    Str: 14    XL:     7   Next: 77%
Magic:  10/12      EV: 14    Int: 14    God:
Gold:   343        SH:  0    Dex: 15    Spells: 7/13 levels left

rFire   . . .      SeeInvis +    g - +2 dagger of Indomitability {freeze, rElec rN+ Will+ Str+4}
rCold   x . .      Faith    .    (no shield)
rNeg    + . .      Spirit   .    b - +0 leather armour
rPois   .          Reflect  .    m - +0 helmet
rElec   +          Harm     .    (no cloak)
rCorr   .          Rampage  .    (no gloves)
Will    +....                    d - +0 pair of boots
Stlth   ++........               (no amulet)
HPRegen 0.27/turn                e - ring of see invisible
MPRegen 0.13/turn                (no ring)

@: corroded
A: small, no large weapons, nightstalker 3, sense surroundings 1, cold
vulnerability 1
a: no special abilities


You were on level 4 of the Dungeon.
You visited 1 branch of the dungeon, and saw 4 of its levels.

You collected 662 gold pieces.
You spent 319 gold pieces at shops.

Inventory:

Hand Weapons
 a - a +0 short sword
 g - the +2 dagger of Indomitability (weapon) {freeze, rElec rN+ Will+ Str+4}
   (You bought it in a shop on level 2 of the Dungeon)

   It freezes those it strikes, dealing additional cold damage.
   It can also slow down cold-blooded creatures.
   Str:       It affects your strength (+4).
   rElec:     It insulates you from electricity.
   rN:        It protects you from negative energy.
   Will:      It increases your willpower.
 p - a +0 spear
 v - a +0 rapier
Missiles
 f - 41 stones
 j - 5 atropa-tipped darts
Armour
 b - a +0 leather armour (worn)
 d - a +0 pair of boots (worn)
 m - a +0 helmet (worn)
Jewellery
 e - a ring of see invisible (left hand)
 q - a +4 ring of protection
Scrolls
 k - 2 scrolls of identify
 n - 5 scrolls of teleportation
 o - a scroll of blinking
 r - a scroll of fear
 s - a scroll of enchant weapon
 t - a scroll of amnesia
Potions
 c - a potion of invisibility
 h - a potion of mutation
 i - 2 potions of curing
 l - 2 potions of lignification
 u - a potion of brilliance
 w - a potion of resistance {unknown}


   Skills:
 + Level 4.2 Fighting
 + Level 6.0 Short Blades
 - Level 2.4 Dodging
 + Level 3.8 Spellcasting
 + Level 4.6 Conjurations
 - Level 2.0 Translocations
 + Level 2.7 Ice Magic


You had 7 spell levels left.
You knew the following spells:

 Your Spells              Type           Power      Damage    Failure   Level
a - Kiss of Death         Conj/Necr      36%        2d8       10%         1
b - Momentum Strike       Conj/Tloc      22%        3d8       10%         2
c - Frozen Ramparts       Ice            20%        1d4       24%         3

Your spell library contained the following spells:

 Spells                   Type           Power      Damage    Failure   Level
 Freeze                   Ice            40%        1d6       9%          1
 Hailstorm                Conj/Ice       13%        3d5       17%         3
 Necrotise                Necr           8%         1d4       26%         1
 Summon Small Mammal      Summ           8%         N/A       26%         1
 Call Canine Familiar     Summ           2%         N/A       58%         3
 Summon Guardian Golem    Hex/Summ       2%         N/A       58%         3
 Vampiric Draining        Necr           2%         2d6       58%         3
 Freezing Cloud           Conj/Ice/Air   4%         6-21      94%         5
 Summon Forest            Summ/Tloc      2%         N/A       99%         5
 Agony                    Necr           2%         N/A       100%        5
 Summon Mana Viper        Hex/Summ       2%         N/A       100%        5
 Simulacrum               Ice/Necr       3%         N/A       100%        6
 Summon Cactus Giant      Summ           1%         N/A       100%        6
 Polar Vortex             Ice            5%         N/A       100%        9


Dungeon Overview and Level Annotations

Branches:
Dungeon (4/15)
 Temple: D:4-7

Altars:
Makhleb

Shops:
D:2 *   D:4 *


Innate Abilities, Weirdness & Mutations

You are small and have problems with some larger weapons.
You are completely attuned to the shadows.
You passively map a small area around you.
You are vulnerable to cold. (rC-)


Message History

Magic restored.
You start resting.
HP restored.
A jelly comes into view.
Found 5 stones.
A quokka comes into view.
Found 2 atropa-tipped darts.
You hit the jelly. You freeze the jelly.
Your hands burn!
The jelly is lightly wounded.
The jelly hits you but does no damage.
You completely miss the jelly.
The jelly is lightly wounded.
You hit the jelly. You freeze the jelly.
Your hands burn!
The jelly is moderately wounded.
The quokka barely misses you. The jelly hits you but does no damage.
You hit the jelly. You freeze the jelly. The acid corrodes you!
Your hands burn!
The jelly is heavily wounded.
The quokka bites you. The jelly barely misses you.
You hit the jelly. You freeze the jelly.
Your hands burn!
The jelly is severely wounded.
The quokka bites you.
You hit the jelly but do no damage.
Your hands burn!
The jelly is severely wounded.
The jelly hits you. The acid corrodes you!
You are splashed with acid!
The quokka barely misses you.
You are too injured to fight recklessly!
The quokka attacks as you move away! The quokka barely misses you.
The jelly attacks as you move away! The jelly hits you.
* * * LOW HITPOINT WARNING * * *
The acid corrodes you!
You are splashed with acid!
* * * LOW HITPOINT WARNING * * *
Casting: Momentum Strike (safe; 10% risk of failure)
Confirm with . or Enter, or press ? or * to list all spells.
Aiming: Momentum Strike (safe; 10% risk of failure)
Press: ? - help, Dir - move target, f - quokka
Aim: a quokka (56% to hit)
The concentrated momentum misses the quokka.
The quokka bites you.
You die...

,, * *, , ** *
...(...# ,
....(..# *
.......# *
....$..# ## #
.......# .#.#
.....rJ# .#.##
,......@##
.....
,.......>#
...# *,
........# .###
#######.# .#
#.# .# #.# .#
#.# .#
############.#
.#
#..........#.#


You could see a jelly and a quokka.

Vanquished Creatures
  Eustachio (D:4)
  Edmund (D:3)
  A scorpion (D:4)
  A howler monkey (D:4)
  A jelly (D:4)
  An iguana (D:3)
  An orc wizard (D:4)
  Robin (D:2)
  2 gnolls
  3 worms
  3 dart slugs
  8 orcs
  2 endoplasms (D:1)
  4 giant cockroaches
  12 goblins
  6 hobgoblins
  3 jackals (D:4)
  3 quokkas
  2 ball pythons
  5 bats
  4 frilled lizards
  5 kobolds
  4 rats
74 creatures vanquished.

Vanquished Creatures (others)
  Grinder (D:4)
  Sigmund (D:2)
  Menkaure (D:4)
  Jessica (D:2)
  A gnoll (D:1)
  2 adders
  A worm (D:1)
  An endoplasm (D:3)
9 creatures vanquished.

Grand Total: 83 creatures vanquished

Notes
Turn   | Place    | Note
-------+----------+-------------------------------------------
     0 | D:1      | night the Kobold Reaver began the quest for the Orb.
     0 | D:1      | Reached XP level 1. HP: 12/12 MP: 3/3
   149 | D:1      | Reached XP level 2. HP: 15/18 MP: 5/5
   578 | D:1      | Learned a level 2 spell: Momentum Strike
   822 | D:1      | Reached XP level 3. HP: 19/22 MP: 1/6
  1004 | D:2      | Learned a level 3 spell: Frozen Ramparts
  1026 | D:2      | Found Suchaxty's Assorted Antiques.
  1031 | D:2      | Identified a scroll of acquirement
  1103 | D:2      | Noticed Robin
  1107 | D:2      | Killed Robin
  1122 | D:2      | HP: 1/19 [worm (3)]
  1220 | D:2      | Noticed Sigmund
  1391 | D:2      | Killed Sigmund
  1532 | D:2      | Noticed Jessica
  1534 | D:2      | Killed Jessica
  1644 | D:2      | Reached XP level 4. HP: 19/25 MP: 7/7
  2088 | D:3      | Found a burning altar of Makhleb.
  2199 | D:3      | Found a faded altar of an unknown god.
  2244 | D:3      | Reached skill level 1 in Ice Magic
  2534 | D:3      | Acquired 520 gold pieces
  2580 | D:2      | Bought a fading dagger for 203 gold pieces
  2580 | D:2      | Identified the +2 dagger of Indomitability {freeze, rElec
                  | rN+ Will+ Str+4} (You bought it in a shop on level 2 of the
                  | Dungeon)
  2583 | D:2      | Bought a scroll of identify for 58 gold pieces
  2583 | D:2      | Bought a scroll labelled BICKAC DUFIS for 29 gold pieces
  2583 | D:2      | Bought a scroll labelled GEXUOM HEODGHILA for 29 gold
                  | pieces
  2622 | D:4      | Reached skill level 5 in Short Blades
  2622 | D:4      | Reached XP level 5. HP: 27/32 MP: 4/9
  2630 | D:4      | Reached skill level 1 in Translocations
  2634 | D:4      | Noticed Edmund
  2684 | D:3      | HP: 4/32 [Edmund/+0 flail of protection (10)]
  2690 | D:3      | Killed Edmund
  2691 | D:3      | Reached XP level 6. HP: 6/37 MP: 4/10
  2825 | D:4      | Found Waresy's Gadget Gallery.
  2979 | D:4      | Noticed Eustachio
  2990 | D:4      | Gained mutation: You are vulnerable to cold. (rC-) [potion
                  | of mutation]
  2990 | D:4      | Gained mutation: You passively map a small area around you.
                  | [potion of mutation]
  3010 | D:4      | Reached skill level 2 in Ice Magic
  3025 | D:4      | Killed Eustachio
  3026 | D:4      | Reached skill level 2 in Translocations
  3026 | D:4      | Reached XP level 7. HP: 17/42 MP: 6/12
  3200 | D:4      | Noticed Grinder
  3227 | D:4      | Killed Grinder
  3313 | D:4      | Noticed Menkaure
  3318 | D:4      | Killed Menkaure
  3319 | D:4      | Reached skill level 6 in Short Blades
  3413 | D:4      | HP: 1/43 [acid (9)]
  3414 | D:4      | Slain by a quokka

Illustrated notes

Levels and vault maps discovered:
D:1:      mrwooster_arrival_statue, layout_basic
D:2:      layout_rooms, serial_shops, nicolae_diamond_shop, uniq_robin,
          uniq_jessica, uniq_sigmund
D:3:      layout_rooms, mainiacjoe_overflow_small_starburst,
          hellmonk_ecumenical_altar_defaced_shrine, uniq_natasha
D:4:      layout_basic, slow_altar_2, nicolae_shop_gadgets, uniq_menkaure,
          uniq_edmund, uniq_eustachio, uniq_grinder

Skill      XL: |  1  2  3  4  5  6  7 |
---------------+----------------------+-----
Fighting       | 3 4 |  4.2
Ice Magic      | 1 2 |  2.7
Short Blades   | 5 6 |  6.0
Translocations | 1 2 |  2.0
Spellcasting   | 3 |  3.8
Conjurations   | 4 |  4.6
Dodging        | |  2.4

Action                   |  1- 3 |  4- 6 |  7- 9 || total
-------------------------+-------+-------+-------++-------
Melee: Short sword       |   117 |   112 |       ||   229
       Punch             |     1 |     4 |       ||     5
       Dagger            |       |    95 |    24 ||   119
Throw: Stone             |     7 |       |       ||     7
       Dart              |     3 |       |       ||     3
 Cast: Momentum Strike   |    10 |     7 |     4 ||    21
       Kiss of Death     |     1 |       |       ||     1
       Frozen Ramparts   |       |     3 |     1 ||     4
  Use: Scroll            |     2 |     4 |     1 ||     7
       Potion            |       |     6 |       ||     6
 Stab: Sleeping          |    14 |     4 |     2 ||    20
       Invisible         |       |     3 |       ||     3
Armor: Leather armour    |    14 |    33 |     5 ||    52
       Skin              |       |    37 |       ||    37
Dodge: Dodged            |    66 |   100 |     9 ||   175

Table legend: (Time is in decaauts)
 A = Elapsed time spent in this place.
 B = Non-inter-level travel time spent in this place.
 C = Inter-level travel time spent in this place.
 D = Time resting spent in this place.
 E = Time spent auto-exploring this place.
 F = Levels seen in this place.
 G = Mean time per level.
                   A        B        C        D        E       F      G
               +--------+--------+--------+--------+--------+-----+--------+
         Total |   3318 |   3164 |    154 |    654 |   1754 |   4 |  829.5 |
       Dungeon |   3318 |   3164 |    154 |    654 |   1754 |   4 |  829.5 |
               +--------+--------+--------+--------+--------+-----+--------+

Top non-repeatable levels by time:
     D:1: 1049 daAuts
     D:2: 928 daAuts
     D:3: 741 daAuts
     D:4: 599 daAuts
